[Event "Team 45 45 League T45"]
[Site "Internet Chess Club"]
[Date "2010.05.09"]
[Round "1"]
[White "dscvdchk"]
[Black "blizzard13"]
[Result "1-0"]
[WhiteElo "1549"]
[BlackElo "1426"]
[Opening "Benkö gambit accepted"]
[ECO "A58"]
[Time "10:01:10"]
[TimeControl "2700+45"]

1. d4 Nf6 2. c4 c5 3. d5 b5 4. cxb5 a6 5. bxa6 Bxa6 6. Nc3 e6 7. dxe6 fxe6 8.
Nf3 Nc6 9. g3 d5 10. Bg5 h6 11. Bxf6 Qxf6 12. Bg2 Rb8 13. Qc2 Kd7 14. O-O Bd6
15. Rab1 Rb6 16. Na4 Rb5 17. Nc3 Ra5 18. a3 Rb8 19. Rfc1 Nd4 20. Nxd4 cxd4 21.
Na4 Kd8 22. b4 Rc8 23. Qb2 Rxa4 24. Rxc8+ Kxc8 25. Qc2+ Kd7 26. Qxa4+ {Black
resigns} 1-0

[Event "Team 45 45 League T45"]
[Site "Internet Chess Club"]
[Date "2010.05.16"]
[Round "1"]
[White "houseofcook"]
[Black "IanT"]
[Result "1/2-1/2"]
[WhiteElo "1500"]
[BlackElo "1417"]
[Opening "Two knights defense"]
[ECO "C56"]
[Time "03:00:18"]
[TimeControl "2700+45"]

1. e4 e5 2. Nf3 Nc6 3. d4 exd4 4. Bc4 Nf6 5. O-O Nxe4 6. Re1 d5 7. Bxd5 Qxd5 8.
Nc3 Qd8 9. Nxe4 Be7 10. Bg5 O-O 11. Bxe7 Qxe7 12. Neg5 Qf6 13. Ne4 Qe7 14. Nxd4
Nxd4 15. Qxd4 Be6 16. Nc5 b6 17. Nxe6 fxe6 18. Qc4 Rf6 19. Rad1 Raf8 20. Rd2 h6
21. f3 Kh8 22. Red1 R6f7 23. Qc6 Qg5 24. Kh1 Re7 25. Rd7 Rff7 26. Rxe7 Rxe7 27.
Qa8+ Kh7 28. Qe4+ Qf5 29. Qd3 a5 30. g4 Qxd3 31. Rxd3 Kg6 32. h4 Kf7 33. Kg2 Ke8
34. Kg3 Rd7 35. Rxd7 Kxd7 36. Kf4 Ke7 37. Ke5 Kf7 38. h5 Ke7 39. a4 c6 40. b3
Kd7 41. f4 b5 42. g5 Ke7 43. g6 Kd7 44. c4 bxa4 45. bxa4 Ke7 46. c5 Kd7 47. f5
exf5 48. Kxf5 Ke7 49. Ke5 Kd7 50. Kf5 Ke7 {Game drawn by mutual agreement}
1/2-1/2

[Event "Team 45 45 League T45"]
[Site "Internet Chess Club"]
[Date "2010.05.08"]
[Round "1"]
[White "GiulioCre"]
[Black "bigdill"]
[Result "1-0"]
[WhiteElo "1421"]
[BlackElo "957"]
[Opening "Queen's pawn game"]
[ECO "D05"]
[Time "15:30:08"]
[TimeControl "2700+45"]

1. d4 d5 2. Nf3 Nf6 3. e3 e6 4. Bd3 c5 5. dxc5 Bxc5 6. Nbd2 Nc6 7. c3 O-O 8. O-O
e5 9. e4 d4 10. Nc4 Re8 11. Bg5 Bg4 12. h3 Bc8 13. b4 b5 14. Na3 h6 15. Bxf6
Qxf6 16. bxc5 a6 17. Nb1 Qe7 18. cxd4 exd4 19. a4 Qxc5 20. axb5 Nb4 21. bxa6
Bxa6 22. Bxa6 Nxa6 23. Qe2 Red8 24. Rxa6 d3 25. Qa2 Qc7 26. Rxa8 Rf8 27. Rxf8+
Kxf8 28. Qa3+ Kg8 29. Qxd3 g6 30. Rd1 Kg7 31. Nc3 h5 32. Ng5 Qf4 33. Qd4+ Kh6
34. h4 Qxh4 35. g3 Qxg5 36. Qh8# {Black checkmated} 1-0

[Event "Team 45 45 League T45"]
[Site "Internet Chess Club"]
[Date "2010.05.06"]
[Round "1"]
[White "StolenAfrikan"]
[Black "Juan73"]
[Result "0-1"]
[WhiteElo "1377"]
[BlackElo "1654"]
[Opening "Queen's pawn game"]
[ECO "D04"]
[Time "21:01:29"]
[TimeControl "2700+45"]

1. d4 d5 2. Nf3 Nf6 3. e3 Nc6 4. Bd3 Bg4 5. Nbd2 e5 6. dxe5 Nxe5 7. Be2 Nxf3+ 8.
Nxf3 Qd6 9. O-O O-O-O 10. Ng5 Bxe2 11. Qxe2 Qd7 12. b3 h6 13. Nf3 g5 14. Bb2 Bg7
15. Ne5 Qe6 16. f3 Nd7 17. Nd3 Bxb2 18. Nxb2 h5 19. Rad1 g4 20. Nd3 Rde8 21.
Rde1 f5 22. Nf4 Qd6 23. Rd1 c6 24. c4 Qxf4 25. cxd5 Qxe3+ 26. Qxe3 Rxe3 27. dxc6
bxc6 28. Rd6 Kc7 29. Rfd1 Re7 30. fxg4 hxg4 31. b4 Rhe8 32. R1d2 Nb6 33. Rf6 Re5
34. Rf7+ R8e7 35. Rf6 a6 36. Rdd6 Re1+ 37. Kf2 Rc1 38. Kg3 Nd5 39. Rxd5 cxd5 40.
Rxf5 d4 41. Kxg4 d3 42. Rd5 Rd7 43. Ra5 d2 44. Rxa6 d1=Q+ 45. Kg5 Rd5+ 46. Kf4
Rc4+ 47. Ke3 Rd3+ 48. Kf2 Rc2# {White checkmated} 0-1

[Event "Team 45 45 League T45"]
[Site "Internet Chess Club"]
[Date "2010.05.08"]
[Round "1"]
[White "PANAMA-REY"]
[Black "chicopee-ed"]
[Result "1-0"]
[WhiteElo "1587"]
[BlackElo "1302"]
[Opening "Vienna game, Max Lange defense"]
[ECO "C25"]
[Time "12:00:20"]
[TimeControl "2700+45"]

1. e4 e5 2. Nc3 Nc6 3. a3 Nf6 4. Bc4 Bc5 5. Nf3 O-O 6. d3 h6 7. O-O d6 8. h3 Qe7
9. a4 a6 10. Kh1 Bd7 11. Nh4 Na5 12. Ng6 Qe8 13. Ba2 Bxa4 14. Nxf8 Kxf8 15. Bd2
Bd7 16. Nd5 Nxd5 17. Bxd5 Nc6 18. f4 Ne7 19. Ba2 Ng8 20. fxe5 dxe5 21. Bxf7 Qxf7
22. Rxf7+ Kxf7 23. Qf3+ Ke7 24. Rf1 Nf6 25. Bxh6 gxh6 26. Qxf6+ {Black resigns}
1-0

[Event "Team 45 45 League T45"]
[Site "Internet Chess Club"]
[Date "2010.05.06"]
[Round "1"]
[White "kid6988"]
[Black "ollo"]
[Result "0-1"]
[WhiteElo "1240"]
[BlackElo "1263"]
[Opening "French: advance, Nimzovich system"]
[ECO "B41"]
[Time "23:34:06"]
[TimeControl "2700+45"]

1. e4 c5 2. Nf3 e6 3. d4 d5 4. e5 a6 5. Nc3 cxd4 6. Nxd4 Bc5 7. Nf3 Nc6 8. Bf4
Qb6 9. Qd2 Nge7 10. Na4 Bxf2+ 11. Qxf2 Qb4+ 12. c3 Qxf4 13. Nb6 Rb8 14. Qe2 Ng6
15. g3 Qe4 16. c4 Qxe2+ 17. Bxe2 O-O 18. Bd3 Ngxe5 19. Be2 Nxf3+ 20. Bxf3 d4 21.
Rd1 e5 22. O-O Bf5 23. g4 Bg6 24. Nd7 Rbd8 25. Nxf8 Kxf8 26. Rfe1 f5 27. gxf5
Bxf5 28. Bxc6 bxc6 29. Rxe5 Bc2 30. Rd2 d3 31. Rf5+ Kg8 32. Rc5 Rd6 33. Ra5 Rg6+
34. Kf2 Rf6+ 35. Ke3 Re6+ 36. Kf3 Rf6+ 37. Kg2 Rg6+ 38. Kh1 Re6 39. Rxa6 Re2 40.
Ra8+ Kf7 41. Ra7+ Ke6 42. Rxe2+ dxe2 {White resigns} 0-1

[Event "Team 45 45 League T45"]
[Site "Internet Chess Club"]
[Date "2010.05.07"]
[Round "1"]
[White "fishhead"]
[Black "Zumbi"]
[Result "1/2-1/2"]
[WhiteElo "2176"]
[BlackElo "1991"]
[Opening "Alekhine's defense: four pawns attack, 7.Be3"]
[ECO "B02"]
[Time "17:23:30"]
[TimeControl "2700+45"]

1. e4 Nf6 2. e5 Nd5 3. c4 Nb6 4. d4 d6 5. f4 dxe5 6. fxe5 Nc6 7. Be3 Bf5 8. Nc3
e6 9. Nf3 Bg4 10. Qd2 Bb4 11. Be2 Qd7 12. O-O O-O-O 13. Rad1 f5 14. Qc1 Bxf3 15.
Rxf3 Bxc3 16. bxc3 Na5 17. Qa3 Nbxc4 18. Bxc4 Nxc4 19. Qxa7 Qd5 20. Bg5 Rde8 21.
Rb1 h6 22. Bc1 Nb6 23. Ba3 Nc4 24. Bc1 Nb6 25. Rf2 Kd7 26. Qa3 Ra8 27. Qb3 Qxb3
28. axb3 Nd5 29. Rc2 Ra6 30. Bd2 Rha8 31. c4 Ne7 32. Bc3 Ra2 33. Rxa2 Rxa2 34.
Rb2 Ra1+ 35. Kf2 g5 36. Rd2 Rb1 37. Bb2 c6 38. Ke3 Ng6 39. g3 f4+ 40. Kf3 h5 41.
gxf4 Rf1+ 42. Rf2 Rxf2+ 43. Kxf2 Nxf4 44. Ke3 Ng2+ 45. Ke4 g4 46. Bc1 Ne1 47.
Bd2 Nf3 48. Bf4 b5 49. h3 Nh4 50. hxg4 hxg4 51. d5 bxc4 52. bxc4 cxd5+ 53. cxd5
exd5+ 54. Kxd5 {Game drawn by mutual agreement} 1/2-1/2

[Event "Team 45 45 League T45"]
[Site "Internet Chess Club"]
[Date "2010.05.11"]
[Round "1"]
[White "eagleeye222001"]
[Black "CREDITorDEBIT"]
[Result "1-0"]
[WhiteElo "1778"]
[BlackElo "1685"]
[Opening "Queen's pawn: London system"]
[ECO "A45"]
[Time "19:09:34"]
[TimeControl "2700+45"]

1. d4 Nf6 2. Bf4 g6 3. e3 Bg7 4. Nf3 d6 5. Be2 Nbd7 6. O-O O-O 7. h3 c5 8. c3
Qb6 9. Qb3 a6 10. Nbd2 Qc7 11. Rfe1 b5 12. a4 bxa4 13. Rxa4 Bb7 14. Qa2 Qc6 15.
Bf1 Ra7 16. Nb3 Qb6 17. Nfd2 e5 18. dxc5 dxc5 19. Nc4 Qe6 20. Bh2 Rfa8 21. Rd1
Nd5 22. e4 Nf4 23. Rd6 Qe7 24. Rxd7 Qxd7 25. Nb6 Qc6 26. Nxa8 Rxa8 27. Na5 Qxe4
28. Rxe4 Bxe4 29. Bxf4 exf4 30. Bc4 Ra7 31. Nb3 Bf8 32. Nd2 Bf5 33. Nf3 Bd6 34.
Ng5 Re7 35. Nxf7 Kf8 {Black resigns} 1-0

[Event "Team 45 45 League T45"]
[Site "Internet Chess Club"]
[Date "2010.05.08"]
[Round "1"]
[White "tigereye"]
[Black "Tobiasdelmonte"]
[Result "1-0"]
[WhiteElo "1850"]
[BlackElo "1696"]
[Opening "QGD Slav/Grünfeld: Schlechter variation"]
[ECO "D15"]
[Time "13:00:05"]
[TimeControl "2700+45"]

1. d4 d5 2. c4 c6 3. Nc3 Nf6 4. Nf3 g6 5. e3 Bg7 6. b3 O-O 7. Bb2 Bg4 8. Be2
Nbd7 9. O-O Rc8 10. Rc1 Re8 11. Qc2 Bf5 12. Bd3 Bg4 13. Ne5 Nxe5 14. dxe5 Nd7
15. f3 dxc4 16. Bxc4 Bf5 17. e4 Qb6+ 18. Kh1 Be6 19. Bxe6 fxe6 20. Na4 Qb5 21.
f4 c5 22. Rf3 Rf8 23. Nc3 Qc6 24. Qe2 Bh6 25. g3 Rf7 26. Nb5 a6 27. Na7 Qc7 28.
Nxc8 Qxc8 29. b4 Qc6 30. bxc5 Nxc5 31. Ba3 Qxe4 32. Qxe4 Nxe4 33. Rc7 Nd2 34.
Rf2 Nb1 35. Bb4 a5 36. Bxa5 Na3 37. Rxb7 g5 38. Bb4 Nc4 39. Rxe7 Rf8 40. Rxe6
Rb8 41. Rxh6 Rxb4 42. h4 Rb1+ 43. Kh2 Ne3 44. hxg5 Ng4+ 45. Kg2 Nxf2 46. Kxf2
Rb2+ 47. Kf3 Rxa2 48. Rf6 Ra1 49. e6 Re1 50. f5 Kg7 51. Rf7+ Kg8 52. Rd7 Kf8 53.
Rxh7 Rf1+ 54. Kg4 Rc1 55. f6 Rc4+ 56. Kf5 Rc5+ 57. Kg6 Kg8 58. f7+ {Black
resigns} 1-0

[Event "Team 45 45 League T45"]
[Site "Internet Chess Club"]
[Date "2010.05.05"]
[Round "1"]
[White "Magagna"]
[Black "badmove"]
[Result "1/2-1/2"]
[WhiteElo "1793"]
[BlackElo "1823"]
[Opening "Dutch with c4 & Nc3"]
[ECO "A85"]
[Time "17:06:12"]
[TimeControl "2700+45"]

1. d4 f5 2. c4 Nf6 3. Nc3 d6 4. Nf3 g6 5. e3 Bg7 6. Be2 O-O 7. b4 c5 8. a3 Nc6
9. Qb3 Kh8 10. Bb2 e5 11. d5 e4 12. dxc6 exf3 13. Bxf3 bxc6 14. Bxc6 Rb8 15. b5
Bb7 16. Bxb7 Rxb7 17. O-O h6 18. Rfd1 f4 19. e4 Ng4 20. Nd5 Qh4 21. Bxg7+ Rxg7
22. Qf3 Qxh2+ 23. Kf1 Qh5 24. Ke2 Ne5 {Game drawn by mutual agreement} 1/2-1/2

[Event "Team 45 45 League T45"]
[Site "Internet Chess Club"]
[Date "2010.05.08"]
[Round "1"]
[White "LucaTrapani"]
[Black "justice02"]
[Result "1-0"]
[WhiteElo "2152"]
[BlackElo "1764"]
[Opening "Dutch"]
[ECO "A80"]
[Time "19:01:05"]
[TimeControl "2700+45"]

1. d4 f5 2. Nc3 Nf6 3. Bg5 d6 4. Bxf6 exf6 5. e3 g6 6. Bd3 d5 7. Qf3 c6 8. h4 h5
9. Nh3 Bd6 10. Nf4 Rg8 11. O-O-O Qc7 12. Nfxd5 cxd5 13. Qxd5 Rg7 14. Nb5 Qc6 15.
Nxd6+ Ke7 16. Nxc8+ Qxc8 17. e4 Nc6 18. exf5 Nb4 19. Rhe1+ {Black resigns} 1-0

[Event "Team 45 45 League T45"]
[Site "Internet Chess Club"]
[Date "2010.05.11"]
[Round "1"]
[White "Goli"]
[Black "ghostfire"]
[Result "1/2-1/2"]
[WhiteElo "1803"]
[BlackElo "1754"]
[Opening "Ruy Lopez: closed"]
[ECO "C90"]
[Time "17:00:51"]
[TimeControl "2700+45"]

1. e4 e5 2. Nf3 Nc6 3. Bb5 a6 4. Ba4 Nf6 5. O-O Be7 6. Re1 b5 7. Bb3 d6 8. h3
Na5 9. d4 Nxb3 10. axb3 exd4 11. Nxd4 Bb7 12. Nc3 O-O 13. Nf5 Re8 14. Nxe7+ Qxe7
15. Bg5 b4 16. Nd5 Bxd5 17. Bxf6 Qxf6 18. exd5 Rxe1+ 19. Qxe1 Qxb2 20. Rxa6 Rb8
21. Qxb4 Re8 22. Rc6 Qa1+ 23. Kh2 Qe5+ 24. g3 Qxd5 25. Rxc7 g5 26. Qc4 Qf3 27.
Qd4 h5 28. Rc3 Qf5 29. g4 hxg4 30. hxg4 Qg6 31. Rh3 Re5 32. Qd3 f5 33. Qc4+ Re6
34. Qc8+ Kf7 35. Rh8 Qg7 36. gxf5 Qe5+ 37. Kg1 Qe1+ 38. Kg2 Qe4+ 39. Kg3 Qf4+
40. Kg2 Qg4+ 41. Kf1 Qe2+ 42. Kg2 Qg4+ 43. Kf1 Qe2+ {Game drawn by mutual
agreement} 1/2-1/2

[Event "Team 45 45 League T45"]
[Site "Internet Chess Club"]
[Date "2010.05.08"]
[Round "1"]
[White "JWB"]
[Black "randallsr"]
[Result "1/2-1/2"]
[WhiteElo "1689"]
[BlackElo "1768"]
[Opening "English opening"]
[ECO "A13"]
[Time "09:00:14"]
[TimeControl "2700+45"]

1. c4 e6 2. g3 b6 3. Bg2 Nc6 4. Nf3 Bb7 5. O-O Nf6 6. d4 d5 7. cxd5 Nxd5 8. Nc3
Nxc3 9. bxc3 Na5 10. Re1 Be4 11. Ne5 Bxg2 12. Kxg2 c6 13. e4 Be7 14. Bf4 O-O 15.
Qe2 Bd6 16. Rad1 Qc7 17. Nd3 Bxf4 18. Nxf4 e5 19. Nd3 exd4 20. cxd4 Rad8 21. Nb4
Rd7 22. Qe3 Rfd8 23. Qc3 Qb7 24. Rc1 Rxd4 25. Nxc6 Nxc6 26. Qxc6 Qxc6 27. Rxc6
Rd2 28. a4 Ra2 29. Rec1 Rxa4 30. Rc8 Rd4 31. R8c7 g6 32. Rxa7 R8d7 33. Rc8+ Kg7
34. Ra6 Rb4 35. Rb8 Rxe4 36. Raxb6 Re2 37. Rb2 Rde7 38. Rxe2 Rxe2 39. Rb4 h5 40.
h4 Re6 41. Ra4 Kf6 42. Rf4+ Ke7 43. Rd4 Re5 44. Rd3 Ke6 45. Rd8 Rc5 46. Re8+ Kf6
47. Re3 Rc7 48. Rf3+ Kg7 49. Re3 f6 50. Re8 Kf7 51. Rh8 Ke6 52. Re8+ Re7 53. Rg8
Kf7 54. Rd8 Kg7 55. Rd5 Kh6 56. Rc5 Rg7 57. Rd5 Rf7 {Game drawn by mutual
agreement} 1/2-1/2

[Event "Team 45 45 League T45"]
[Site "Internet Chess Club"]
[Date "2010.05.08"]
[Round "1"]
[White "perikitosax"]
[Black "Monsoon-Smith"]
[Result "0-1"]
[WhiteElo "1982"]
[BlackElo "2090"]
[Opening "King's Indian: orthodox, Aronin-Taimanov, bayonet attack"]
[ECO "E97"]
[Time "11:23:13"]
[TimeControl "2700+45"]

1. d4 Nf6 2. Nf3 g6 3. c4 Bg7 4. Nc3 O-O 5. e4 d6 6. Be2 e5 7. O-O Nc6 8. d5 Ne7
9. b4 Nh5 10. Re1 f5 11. Ng5 Nf6 12. Bf3 c6 13. Bb2 h6 14. Ne6 Bxe6 15. dxe6 Qc7
16. Rc1 Rad8 17. b5 Qc8 18. bxc6 bxc6 19. Qa4 Qxe6 20. exf5 gxf5 21. Bxc6 Nxc6
22. Qxc6 Rc8 23. Qa6 Rxc4 24. Rxe5 Qxe5 25. Qxc4+ d5 26. Qc5 Ng4 27. g3 f4 28.
Na4 Qh5 29. h3 fxg3 30. hxg4 Qh2+ 31. Kf1 Rxf2+ {White resigns} 0-1

[Event "Team 45 45 League T45"]
[Site "Internet Chess Club"]
[Date "2010.05.10"]
[Round "1"]
[White "Freitac"]
[Black "lluisdp"]
[Result "0-1"]
[WhiteElo "1998"]
[BlackElo "2113"]
[Opening "King's Indian: Sämisch, Panno main line"]
[ECO "E84"]
[Time "18:07:24"]
[TimeControl "2700+45"]

1. d4 Nf6 2. c4 g6 3. Nc3 Bg7 4. e4 d6 5. f3 O-O 6. Be3 Nc6 7. Qd2 a6 8. Nge2
Rb8 9. g4 b5 10. O-O-O bxc4 11. h4 e5 12. d5 Nb4 13. Ng3 Nxg4 14. fxg4 Bxg4 15.
Bxc4 c6 16. a3 cxd5 17. exd5 Qc7 18. Be2 Na2+ 19. Kc2 Bd7 20. Rb1 f5 21. Bh6
Ba4+ 22. Kd3 e4+ 23. Ngxe4 fxe4+ 24. Kxe4 Bxh6 25. Qxh6 Nxc3+ 26. bxc3 Bc2+
{White resigns} 0-1

[Event "Team 45 45 League T45"]
[Site "Internet Chess Club"]
[Date "2010.05.09"]
[Round "1"]
[White "PopolVuh"]
[Black "MeanMrMustard"]
[Result "0-1"]
[WhiteElo "1904"]
[BlackElo "1880"]
[Opening "QGD Slav defense"]
[ECO "D10"]
[Time "21:03:51"]
[TimeControl "2700+45"]

1. d4 d5 2. c4 c6 3. Nc3 Nf6 4. Bg5 e6 5. e3 Be7 6. Nf3 Nbd7 7. Rc1 b6 8. Bd3
dxc4 9. Bxc4 Bb7 10. O-O O-O 11. Qe2 c5 12. Rfd1 Rc8 13. dxc5 Rxc5 14. Bxf6 Bxf6
15. Bb5 Bc6 16. Bxc6 Rxc6 17. Nb5 Rxc1 18. Rxc1 a6 19. Nbd4 b5 20. Rc6 Nb8 21.
Rc1 Qd5 22. b3 Qd7 23. Qc2 Rd8 24. h3 g6 25. Qe4 Rc8 26. Rxc8+ Qxc8 27. Qa8 Qc1+
28. Kh2 Qc7+ 29. g3 Kg7 30. Kg2 Qb6 31. g4 h6 32. h4 Qd6 33. g5 hxg5 34. hxg5
Bd8 35. Qe4 Bc7 36. Qh4 Nc6 37. a4 bxa4 38. bxa4 Nxd4 39. Qxd4+ Qxd4 40. Nxd4 e5
41. Nc6 e4 42. Nb4 a5 43. Nd5 Bd8 44. Nc3 Bxg5 45. Nxe4 Be7 46. Kf3 f5 47. Nc3
Kf7 48. e4 Ke6 49. exf5+ Kxf5 50. Ne4 Ke5 51. Ke3 Kd5 52. Kd3 Bc5 53. f3 Be7 54.
Nd2 Kc5 55. Kc3 Bf6+ 56. Kb3 Kd4 57. Ne4 Be7 58. Nd2 Bb4 59. Nc4 g5 60. Nb6 Kd3
61. Nd5 Bd2 62. Nf6 Ke2 63. Ne4 Bf4 64. Kc4 Kxf3 65. Nf6 {White resigns} 0-1

[Event "Team 45 45 League T45"]
[Site "Internet Chess Club"]
[Date "2010.05.09"]
[Round "1"]
[White "chiiwen"]
[Black "Stryker672"]
[Result "1-0"]
[WhiteElo "2170"]
[BlackElo "1929"]
[Opening "Ruy Lopez: Berlin defense, Beverwijk variation"]
[ECO "C64"]
[Time "21:00:46"]
[TimeControl "2700+45"]

1. e4 e5 2. Nf3 Nc6 3. Bb5 Bc5 4. O-O Nf6 5. d3 d6 6. h3 O-O 7. c3 Qe7 8. Bg5
Nb8 9. Nbd2 c6 10. Ba4 Nbd7 11. Bc2 Re8 12. a4 a5 13. Rb1 Bb6 14. Nc4 Bc7 15.
Ne3 Nf8 16. Re1 h6 17. Bh4 Ng6 18. Bg3 Nf4 19. Bxf4 exf4 20. Nf1 Nh7 21. d4 Qf6
22. Qd2 Ng5 23. N1h2 Nxf3+ 24. Nxf3 b6 25. e5 dxe5 26. dxe5 Qe7 27. Qxf4 Be6 28.
Rbd1 Qc5 29. Qd4 Qxd4 30. Nxd4 Bd5 31. f4 Rad8 32. b3 c5 33. Nb5 Bb8 34. c4 Bc6
35. Nc3 g5 36. g3 Kg7 37. Nd5 Bxd5 38. cxd5 f6 39. d6 gxf4 40. gxf4 fxe5 41.
fxe5 Bxd6 42. exd6 Rxe1+ 43. Rxe1 Rxd6 44. Re3 Rd2 45. Bd3 Kf6 46. Bc4 Rd6 47.
Kf2 Kf5 48. Kf3 Rc6 49. Bd3+ Kg5 50. Kg3 Rd6 51. h4+ Kf6 52. Bc4 Kf5 53. Kf3 Rc6
54. Bd3+ Kf6 55. Kf4 Rd6 56. Be4 Rd4 57. Rd3 Rb4 58. Rg3 c4 59. bxc4 Rxc4 60.
Rg6+ Ke7 61. Rxb6 Rxa4 62. Rxh6 Kf7 63. Ra6 Kg7 64. h5 Ra2 65. h6+ Kf8 66. h7
Rh2 67. Rxa5 Kg7 68. Ra8 Rh4+ 69. Ke3 Rh3+ 70. Kd4 Rxh7 71. Bxh7 Kxh7 72. Ra6
{Black resigns} 1-0

[Event "Team 45 45 League T45"]
[Site "Internet Chess Club"]
[Date "2010.05.09"]
[Round "1"]
[White "alexdb"]
[Black "Fulvio"]
[Result "1-0"]
[WhiteElo "1975"]
[BlackElo "1971"]
[Opening "Ruy Lopez: Wormald (Alapin) attack"]
[ECO "C77"]
[Time "15:00:50"]
[TimeControl "2700+45"]

1. e4 e5 2. Nf3 Nc6 3. Bb5 a6 4. Ba4 Nf6 5. Qe2 b5 6. Bb3 Bc5 7. d3 O-O 8. O-O
h6 9. c3 Re8 10. a4 Bb7 11. Be3 Bf8 12. Nh4 Nxe4 13. Bxf7+ Kxf7 14. Qh5+ Kg8 15.
dxe4 Ne7 16. Nd2 d5 17. Ndf3 dxe4 18. Nxe5 Qd5 19. Rad1 Qe6 20. axb5 axb5 21.
Nd7 Nd5 22. Nc5 Bxc5 23. Bxc5 g5 24. f4 Nxf4 25. Rxf4 gxf4 26. Nf5 Kh7 27. Nxh6
Bc6 28. Nf5+ Kg8 29. Qg5+ {Black resigns} 1-0

[Event "Team 45 45 League T45"]
[Site "Internet Chess Club"]
[Date "2010.05.09"]
[Round "1"]
[White "Atlantis"]
[Black "giltar"]
[Result "1-0"]
[WhiteElo "1883"]
[BlackElo "1890"]
[Opening "King's Indian: fianchetto, classical variation"]
[ECO "E67"]
[Time "11:11:20"]
[TimeControl "2700+45"]

1. d4 Nf6 2. c4 g6 3. Nc3 Bg7 4. g3 d6 5. Bg2 O-O 6. Nf3 Nbd7 7. O-O e5 8. dxe5
dxe5 9. Qc2 c6 10. e4 Qc7 11. Be3 Ng4 12. Bd2 Nb6 13. h3 Nf6 14. b3 Nh5 15. c5
Nd7 16. b4 a5 17. a3 Re8 18. Rad1 Nf8 19. Nh4 Ne6 20. Ne2 axb4 21. axb4 Bf8 22.
Ra1 Bd7 23. Bc3 Neg7 24. Rxa8 Rxa8 25. Ra1 Re8 26. Ra7 Nf6 27. Nf3 Qb8 28. Ra5
b6 29. cxb6 Qxb6 30. Nxe5 Bxb4 31. Nc4 Qb8 32. Bxf6 Bxa5 33. Nxa5 Nh5 34. Bb2
Qb5 35. Qc3 f6 36. Nd4 Qb6 37. Naxc6 Bxc6 38. Nxc6 Nxg3 39. Qxf6 Ne2+ 40. Kh1
{Black resigns} 1-0

[Event "Team 45 45 League T45"]
[Site "Internet Chess Club"]
[Date "2010.05.06"]
[Round "1"]
[White "cityprosecutor"]
[Black "Ben777"]
[Result "1-0"]
[WhiteElo "1756"]
[BlackElo "1723"]
[Opening "Sicilian defense"]
[ECO "B20"]
[Time "19:04:36"]
[TimeControl "2700+45"]

1. e4 c5 2. d3 g6 3. h4 Bg7 4. h5 Nc6 5. Nd2 d5 6. g3 dxe4 7. Nxe4 f5 8. Nc3 e5
9. Bg2 Bd7 10. Bd2 Nge7 11. Nb5 Be6 12. Nf3 a6 13. Nc3 h6 14. hxg6 Nxg6 15. Nh4
Nxh4 16. Rxh4 Qd7 17. Na4 Qe7 18. Qh5+ Bf7 19. Qxf5 Nd4 20. Qg4 Nxc2+ 21. Kd1
Nxa1 22. Nb6 Rd8 23. Qxg7 Rg8 24. Qh7 Qf6 25. Rxh6 Qxf2 26. Qe4 Qxg3 27. Rh3
Qxg2 28. Qxe5+ Kf8 29. Qxc5+ Kg7 30. Bc3+ Kg6 31. Qh5# {Black checkmated} 1-0

[Event "Team 45 45 League T45"]
[Site "Internet Chess Club"]
[Date "2010.05.07"]
[Round "1"]
[White "crazyhorses"]
[Black "kidcobra"]
[Result "1-0"]
[WhiteElo "1441"]
[BlackElo "1590"]
[Opening "Ruy Lopez: Cozio defense"]
[ECO "C60"]
[Time "14:01:21"]
[TimeControl "2700+45"]

1. e4 e5 2. Nf3 Nc6 3. Bb5 Nge7 4. c3 a6 5. Ba4 d6 6. d3 g6 7. O-O Bg7 8. Nbd2
O-O 9. Re1 Bd7 10. Nf1 b5 11. Bb3 Bg4 12. Ne3 Bd7 13. a4 Re8 14. Nd5 Nxd5 15.
Bxd5 h6 16. Qb3 Be6 17. Bxe6 Rxe6 18. axb5 axb5 19. Rxa8 Qxa8 20. Qxb5 Re8 21.
b4 Rb8 22. Qc4 Qb7 23. Nh4 Qb6 24. Be3 Qb5 25. Qxb5 Rxb5 26. Ra1 Rb8 27. Ra6 Ne7
28. Ra7 Bf6 29. Nf3 c5 30. Ra4 cxb4 31. Rxb4 Ra8 32. g3 g5 33. Nd2 h5 34. Kg2
Rc8 35. c4 Nc6 36. Rb6 Be7 37. Nb1 Nd4 38. Bxd4 exd4 39. Nd2 Rd8 40. Nb3 Bf6 41.
Rb5 Kg7 42. Rd5 Kg6 43. Nxd4 Bxd4 44. Rxd4 f5 45. e5 Kf7 46. Rxd6 Re8 47. d4 Rc8
48. c5 Kg7 49. c6 f4 50. gxf4 gxf4 51. Kf3 h4 52. Kxf4 h3 53. Kg3 Kf7 54. Kxh3
Ke7 55. f4 Rh8+ 56. Kg4 Rg8+ 57. Kf5 Rf8+ 58. Ke4 Rh8 59. d5 Rxh2 60. Rd7+ Ke8
61. Rg7 Re2+ 62. Kd3 Ra2 63. Rg8+ Ke7 64. c7 Ra3+ 65. Kc4 Ra2 66. Kb3 Re2 67.
c8=Q Re3+ 68. Kc4 Re4+ 69. Kc5 Rxe5 70. Qe8+ Kf6 71. Qxe5+ Kf7 72. Qe6# {Black
checkmated} 1-0

[Event "Team 45 45 League T45"]
[Site "Internet Chess Club"]
[Date "2010.05.08"]
[Round "1"]
[White "Fisherman77"]
[Black "RayF"]
[Result "0-1"]
[WhiteElo "1378"]
[BlackElo "1629"]
[Opening "Sicilian: Smith-Morra gambit"]
[ECO "B21"]
[Time "21:00:12"]
[TimeControl "2700+45"]

1. e4 c5 2. d4 cxd4 3. Qxd4 Nc6 4. Qe3 Nf6 5. Nc3 e6 6. Bd2 d5 7. exd5 Nxd5 8.
Nxd5 Qxd5 9. O-O-O Qxa2 10. Bc3 Qa1+ 11. Kd2 Qa4 12. Nf3 Bb4 13. Bd3 Bxc3+ 14.
bxc3 O-O 15. c4 Rd8 16. Ke2 Qa5 17. Ng5 Nd4+ 18. Kf1 h6 19. Bh7+ Kf8 20. Nxf7
Kxf7 21. Rxd4 Qa1+ 22. Ke2 Qxd4 23. Qf3+ Qf6 24. Qg3 e5 25. Re1 Bf5 26. Bxf5
Qxf5 27. Kf1 Kf6 28. Qh4+ Qg5 29. Qe4 Rd7 30. Re3 Rad8 31. f4 Qxf4+ 32. Rf3 Rd1+
33. Qe1 Rxe1+ 34. Kxe1 Qxf3 35. gxf3 {White resigns} 0-1

[Event "Team 45 45 League T45"]
[Site "Internet Chess Club"]
[Date "2010.05.09"]
[Round "1"]
[White "seattleblues"]
[Black "KidBoa"]
[Result "0-1"]
[WhiteElo "1273"]
[BlackElo "1328"]
[Opening "Scandinavian (center counter) defense"]
[ECO "B01"]
[Time "21:30:11"]
[TimeControl "2700+45"]

1. e4 d5 2. exd5 Qxd5 3. Nc3 Qa5 4. d4 c5 5. Nf3 e6 6. Be2 cxd4 7. Nxd4 Qd8 8.
O-O Nf6 9. Re1 Bb4 10. a3 Bc5 11. Nb3 Qxd1 12. Rxd1 Be7 13. Nb5 Na6 14. Bf4 O-O
15. N3d4 Bd7 16. Nf3 h6 17. Ne5 Bxb5 18. Bxb5 Ne4 19. b4 Bf6 20. Nd7 Bxa1 21.
Nxf8 Bb2 22. Nd7 Bxa3 23. Bd3 Nc3 24. Rf1 Bxb4 25. Bd2 Rd8 26. Ne5 Nc5 27. g3
Ne2+ 28. Bxe2 Bxd2 29. Nc4 b5 30. Nxd2 Rxd2 31. Bxb5 Rxc2 32. Ra1 a6 33. Bxa6
Nxa6 34. Rxa6 Kh7 35. Ra7 Kg6 36. Kg2 h5 37. Ra4 f5 38. h4 Kf6 39. Kf3 g5 40.
hxg5+ Kxg5 41. Ra8 Rc3+ 42. Kg2 f4 43. Rg8+ Kf5 44. gxf4 Kxf4 45. Rf8+ Kg5 46.
Rg8+ Kf5 47. Rf8+ Kg4 48. Rg8+ Kh4 49. Rg6 Rc6 50. Kf3 Kh3 51. Rg3+ Kh4 52. Rg6
Rd6 53. Ke4 Kh3 54. Ke5 Rd2 55. Rg3+ Kh2 56. Kxe6 Rxf2 57. Rg5 h4 58. Rh5 h3 59.
Ke5 Kg2 60. Rg5+ Kh1 61. Ke4 h2 62. Ke3 Rg2 63. Rh5 Kg1 64. Rc5 h1=Q 65. Rc1+
Kh2 66. Rxh1+ Kxh1 67. Ke4 Kg1 68. Ke5 Kf2 69. Ke4 Rg3 70. Kd4 Ke2 71. Ke4 Rg4+
72. Kd5 Ke3 73. Ke5 Rg5+ 74. Kf6 Kf4 75. Ke6 Rh5 76. Kd6 Ke4 77. Ke6 Rh6+ 78.
Kd7 Ke5 79. Kc7 Kd5 80. Kd7 Rh7+ 81. Kc8 Kd6 82. Kb8 Kc6 83. Kc8 Rh8# {White
checkmated} 0-1